 Dungeon Crawl Stone Soup version 0.30-a0-996-ga6910c8ee8 (webtiles) character file.

Game seed: 16846352574412271129

691 bande the Chopper (level 7, 0/44 HPs)
             Began as a Gargoyle Fighter on Apr 4, 2023.
             Was a Follower of Okawaru.
             Slain by a gnoll
             ... wielding a +0 club
             ... led by a gnoll bouda
              (5 damage)
             ... on level 6 of the Dungeon.
             The game lasted 00:06:01 (3499 turns).

bande the Chopper (Gargoyle Fighter)                Turns: 3499, Time: 00:06:04

Health: 0/44       AC: 15    Str: 20    XL:     7   Next: 63%
Magic:  8/8        EV:  8    Int:  8    God:    Okawaru [*.....]
Gold:   236        SH:  8    Dex: 11    Spells: 6/6 levels left

rFire   . . .      SeeInvis .    a - +1 war axe
rCold   . . .      Faith    .    y - +0 kite shield
rNeg    + . .      Spirit   .    b - +0 scale mail
rPois   ∞          Reflect  .    u - +1 helmet
rElec   +          Rampage  .    (no cloak)
rCorr   .                        x - +0 pair of gloves
Will    .....                    (no boots) Stlth
                                 (no amulet)
HPRegen 0.27/turn                (no ring)
MPRegen 0.11/turn                (no ring)

@: weakened
A: sickness immunity, AC +4, negative energy resistance 1, electricity
resistance, torment resistance 1, petrification resistance
a: Renounce Religion, Heroism


You were on level 6 of the Dungeon.
You worshipped Okawaru.
Okawaru was aware of your devotion.
You visited 1 branch of the dungeon, and saw 6 of its levels.
You also visited: Sewer.

You collected 236 gold pieces.

Inventory:

Hand Weapons
 a - a +1 war axe (weapon)
 g - a +0 war axe
 q - a +0 flail
Missiles
 i - 2 throwing nets (quivered)
Armour
 b - a +0 scale mail (worn)
 u - a +1 helmet (worn)
 x - a +0 pair of gloves (worn)
 y - a +0 kite shield (worn)
Jewellery
 o - a ring of protection from cold
 z - an amulet of the acrobat
Scrolls
 c - a scroll of identify
 e - a scroll of fog
 h - 3 scrolls of butterflies
 j - a scroll of enchant armour
 m - a scroll of vulnerability
 p - 3 scrolls of amnesia
 r - a scroll of enchant weapon
 s - a scroll of poison
Potions
 d - 2 potions of might
 f - a potion of resistance {unknown}
 k - 3 potions of heal wounds
 l - 5 potions of curing
 n - 2 potions of haste
 t - a potion of ambrosia
 v - a potion of berserk rage {unknown}
 w - 3 potions of magic {unknown}
 A - a potion of flight {unknown}
 B - a potion of experience {unknown}


   Skills:
 + Level 4.5 Fighting
 + Level 5.2 Axes
 + Level 5.2 Armour
 + Level 4.4 Shields
 * Level 2.3 Invocations


You had 6 spell levels left.
You didn't know any spells.
Your spell library contained the following spells:

 Spells                   Type           Power      Damage    Failure   Level
 Magic Dart               Conj           0%         1d3       98%         1
 Searing Ray              Conj           0%         2d4       99%         2
 Mephitic Cloud           Conj/Pois/Air  0%         N/A       100%        3
 Fulminant Prism          Conj/Hex       0%         3d5       100%        4
 Blade Hands              Tmut           0%         N/A       100%        5
 Irradiate                Conj/Tmut      0%         3d11      100%        5
 Dragon Form              Tmut           0%         N/A       100%        7
 Call Imp                 Summ           Unusable   N/A       N/A         2

Dungeon Overview and Level Annotations

Branches:
Dungeon (7/15)              Sewer (visited)
 Temple: D:4-7

Altars:
Cheibriados
Elyvilon
Nemelex Xobeh
Okawaru
Sif Muna
Vehumet
Xom
Zin

Shops:
D:2 (


Innate Abilities, Weirdness & Mutations

You are immune to sickness and miasma.
Your stone body is resilient. (AC +4)
You are immune to poison.
You resist negative energy. (rN+)
You are resistant to electric shocks. (rElec)
You are resistant to unholy torment.
You are immune to petrification.


Message History

The gnoll bouda is moderately wounded.
You hit the gnoll but do no damage.
You hit the water moccasin but do no damage.
The water moccasin completely misses you.
You block the gnoll bouda's attack.
The water moccasin bites you but does no damage.
The gnoll hits you with a +0 club.
The gnoll bouda hits you but does no damage.
The water moccasin bites you but does no damage.
You hit the gnoll bouda.
The gnoll bouda is moderately wounded.
You hit the water moccasin. You closely miss the gnoll.
The gnoll hits you but does no damage. You block the water moccasin's attack.
The gnoll bouda gazes fiercely through you!
You feel your attacks grow feeble. You block the gnoll bouda's attack.
The gnoll hits you but does no damage.
The water moccasin bites you but does no damage.
You hit the gnoll bouda.
The gnoll bouda is heavily wounded.
You hit the water moccasin but do no damage.
You hit the gnoll.
An iguana comes into view.
The water moccasin bites you!
* * * LOW HITPOINT WARNING * * *
The gnoll bouda gazes fiercely through you!
You feel as though you will be weak longer.
You block the gnoll bouda's attack. The gnoll barely misses you.
You slash the gnoll bouda!
The gnoll bouda is almost dead.
You closely miss the water moccasin. You hit the gnoll.
The water moccasin bites you.
* * * LOW HITPOINT WARNING * * *
The gnoll bouda closely misses you. The gnoll hits you with a +0 club.
* * * LOW HITPOINT WARNING * * *
You block the water moccasin's attack.
The gnoll bouda gazes fiercely through you!
You feel as though you will be weak longer.
The gnoll bouda hits you but does no damage.
The gnoll hits you with a +0 club.
You die...

#..~~~~♣~#
#..P~P~~~♣
+..lP~~~P#
#......P.
#......#
#....!#
#..Sg.#
#.)@g.#
#.....#
#.....#
#.....#
#.....#
#.....#
#.....#
#.....#
#.....#


You could see a water moccasin, a gnoll bouda, an iguana and a gnoll (swift).

Vanquished Creatures
  A water moccasin (D:7)
  Pargi (Sewer)
  An ice beast (D:7)
  An ogre (D:6)
  Jessica (D:2)
  2 orc wizards
  6 adders
  6 gnolls
  2 dart slugs
  12 orcs
  8 ball pythons
  3 bats
  16 endoplasms
  8 giant cockroaches
  8 goblins
  8 hobgoblins
  6 jackals
  7 kobolds
  3 quokkas
  5 frilled lizards
  2 rats
  A butterfly (D:7)
108 creatures vanquished.

Vanquished Creatures (others)
  4 plants (D:2)
4 creatures vanquished.

Grand Total: 112 creatures vanquished

Notes
Turn   | Place    | Note
-------+----------+-------------------------------------------
     0 | D:1      | bande the Gargoyle Fighter began the quest for the Orb.
     0 | D:1      | Reached XP level 1. HP: 14/14 MP: 1/1
    97 | D:1      | Reached XP level 2. HP: 10/19 MP: 2/2
   282 | D:1      | Reached XP level 3. HP: 23/23 MP: 3/3
   786 | D:2      | Found Apnu's Weapon Boutique.
   871 | D:2      | Reached XP level 4. HP: 25/29 MP: 4/4
  1031 | D:2      | Noticed Jessica
  1047 | D:2      | Killed Jessica
  1394 | D:3      | Reached XP level 5. HP: 33/33 MP: 5/5
  1472 | D:3      | Found a shimmering blue altar of Sif Muna.
  1749 | D:3      | Found a white marble altar of Elyvilon.
  2312 | D:4      | Reached XP level 6. HP: 17/38 MP: 6/6
  2430 | D:4      | Found a radiant altar of Vehumet.
  2432 | D:4      | Found an iron altar of Okawaru.
  2434 | D:4      | Found a glowing silver altar of Zin.
  2443 | D:4      | Found a sparkling altar of Nemelex Xobeh.
  2450 | D:4      | Became a worshipper of Warmaster Okawaru
  2486 | D:4      | Found a glowing drain.
  2503 | Sewer    | Entered a sewer
  2560 | Sewer    | Noticed Pargi
  2570 | Sewer    | Killed Pargi
  2571 | Sewer    | Reached skill level 1 in Invocations
  3074 | D:4      | You fall into a shaft and drop 3 floors!
  3092 | D:7      | Noticed a water moccasin
  3103 | D:7      | Killed a water moccasin
  3103 | D:7      | Reached * piety under Okawaru
  3104 | D:7      | Reached XP level 7. HP: 37/44 MP: 6/8
  3159 | D:7      | Reached skill level 5 in Armour
  3203 | D:7      | Found a shimmering altar of Xom.
  3253 | D:7      | Reached skill level 5 in Axes
  3304 | D:6      | Found a snail-covered altar of Cheibriados.
  3499 | D:6      | Slain by a gnoll

Illustrated notes

Levels and vault maps discovered:
D:1:      tarquinn_simple_flora_water_f, layout_rooms
D:2:      layout_rooms, serial_shops, nicolae_shop_hallway_plus,
          serial_bayou_lagoon_a, minmay_misc_feat_four_crosses,
          nrook_mini_vaults, hex_medium, uniq_jessica
D:3:      layout_basic, elyvilon_altar_1, nicolae_sif_muna_little_library
D:4:      layout_basic, nicolae_overflow_quartered_altars,
          cheibrodos_sewer_entry_drain
D:6:      layout_gridville, mainiacjoe_overflow_six_doors_small,
          chequers_serial_rivers_micro_b, serial_bayou_pond_b
D:7:      layout_gridville, xom_butterflies

Skill      XL: |  1  2  3  4  5  6  7 |
---------------+----------------------+-----
Axes           | 2 3 4 5 |  5.2
Armour         | 4 5 |  5.2
Fighting       | 4 |  4.5
Shields        | 4 |  4.4
Invocations    | 1 2 |  2.3

Action                     |  1- 3 |  4- 6 |  7- 9 || total
---------------------------+-------+-------+-------++-------
  Melee: War axe           |    92 |   171 |    44 ||   307
    Use: Scroll            |       |    16 |       ||    16
         Potion            |       |     1 |       ||     1
 Armour: Scale mail        |    57 |   108 |    35 ||   200
  Dodge: Dodged            |    41 |    76 |    14 ||   131
  Block: Buckler           |    25 |    44 |       ||    69
         Kite shield       |       |    13 |    26 ||    39

Table legend: (Time is in decaauts)
 A = Elapsed time spent in this place.
 B = Non-inter-level travel time spent in this place.
 C = Inter-level travel time spent in this place.
 D = Time resting spent in this place.
 E = Time spent auto-exploring this place.
 F = Levels seen in this place.
 G = Mean time per level.
                   A        B        C        D        E       F      G
               +--------+--------+--------+--------+--------+-----+--------+
         Total |   3629 |   3501 |    128 |    503 |   2091 |   7 |  518.4 |
       Dungeon |   3193 |   3065 |    128 |    244 |   1991 |   6 |  532.2 |
         Sewer |    436 |    436 |      0 |    259 |    100 |   1 |  436.0 |
               +--------+--------+--------+--------+--------+-----+--------+

Top non-repeatable levels by time:
     D:3: 783 daAuts
     D:2: 709 daAuts
     D:1: 644 daAuts
     D:4: 609 daAuts
   Sewer: 436 daAuts
     D:7: 228 daAuts
     D:6: 218 daAuts
